 Dungeon Crawl Stone Soup version 0.30.1-3-gfc49f6343a (webtiles) character file.

Game seed: 8423379618677113172

260 H0rd4k the Charlatan (level 6, 0/66 HPs)
             Began as a Human Artificer on July 21, 2023.
             Slain by an orc
             ... wielding a +0 mace
              (5 damage)
             ... on level 3 of the Dungeon.
             The game lasted 00:02:19 (1772 turns).

H0rd4k the Charlatan (Human Artificer)              Turns: 1772, Time: 00:02:20

Health: 0/66       AC: 23    Str: 12    XL:     6   Next: 41%
Magic:  6/6        EV:  2    Int: 14    God:
Gold:   139        SH:  0    Dex: 13    Spells: 5/5 levels left

rFire   . . .        h - +0 dagger (venom)
rCold   . . .        (no shield)
rNeg    . . .        b - melded +0 leather armour
rPois   +            (helmet currently unavailable)
rElec   .            k - melded +0 cloak
rCorr   .            (gloves currently unavailable)
SInv    .            (boots currently unavailable)
Will    .....        a - amulet of magic regeneration
Stlth   ++           j - ring of wizardry
HPRegen 0.31/turn    (no ring)
MPRegen 0.50/turn

%: wizardry (x1)
@: brilliant, tree-form, hasted, very quick
A: stationary, stasis, torment immunity, boosted hp
a: no special abilities


You were on level 3 of the Dungeon.
You were a tree.
You visited 1 branch of the dungeon, and saw 3 of its levels.

You collected 139 gold pieces.

Inventory:

Hand Weapons
 h - a +0 dagger of venom (weapon)
Missiles
 s - 4 atropa-tipped darts
Armour
 b - a +0 leather armour (melded)
 k - a +0 cloak (melded)
Jewellery
 a - an amulet of magic regeneration (around neck)
 j - a ring of wizardry (left branch)
 v - a ring of resist corrosion
Wands
 c - a wand of flame (11) (quivered)
 d - a wand of charming (13)
 e - a wand of iceblast (3)
Scrolls
 f - 3 scrolls of enchant armour {unknown}
 l - 2 scrolls of blinking {unknown}
 m - a scroll of magic mapping {unknown}
 n - a scroll of immolation {unknown}
 r - a scroll of teleportation {unknown}
 t - a scroll of vulnerability {unknown}
Potions
 p - a potion of degeneration {unknown}


   Skills:
 + Level 2.2 Fighting
 + Level 2.9 Short Blades
 + Level 1.2 Maces & Flails
 - Level 2.0 Armour
 + Level 2.4 Dodging
 + Level 2.3 Stealth
 + Level 4.0 Evocations


You had 5 spell levels left.
You didn't know any spells.
Your spell library contained the following spells:

 Spells                   Type           Power      Damage    Failure   Level
 Ensorcelled Hibernation  Hex/Ice        0%         N/A       17%         2
 Spider Form              Tmut/Pois      0%         N/A       32%         3
 Anguish                  Hex/Necr       0%         N/A       71%         4


Dungeon Overview and Level Annotations

Branches:
Dungeon (3/15)

Altars:


Message History

You kill the endoplasm!
The bat hits you but does no damage. The orc hits you with a +0 mace. x2
The orc priest hits you with a +0 club.
* * * LOW HITPOINT WARNING * * *
The orc hits you with a +0 mace.
* * * LOW HITPOINT WARNING * * *
The bat closely misses you.
Things that are here:
a +0 scythe; a +0 robe The bat barely misses you.
The orc barely misses you.
Aiming: Charm
Press: ? - help, Shift-Dir - straight line, f - orc
Aim: an orc, wielding a +0 mace and wearing a +0 leather armour (chance to affect: 75%)
The orc is charmed.
The bat closely misses your orc.
The orc priest hits your orc with a +0 club.
Unknown command.
It was a potion of cancellation.
You feel magically purged.
The orc priest miscasts a cantrip.
The orc hits your orc with a +0 mace!
Your orc dies!
It was a potion of magic.
Magic courses through your body.
It was a potion of brilliance.
You feel clever all of a sudden.
The orc priest looks encouraged for a moment.
It was a potion of lignification.
You turn into a tree.
Your +0 cloak melds into your body.
Your +0 leather armour melds into your body.
Your roots penetrate the ground.
You hit the orc priest but do no damage.
The orc priest is poisoned.
The orc priest calls down the wrath of Beogh upon you.
Beogh smites you!
* * * LOW HITPOINT WARNING * * *
You closely miss the orc priest.
The orc priest is lightly wounded.
The orc priest hits you but does no damage.
It was a potion of haste.
You feel yourself speed up.
The orc priest hits you but does no damage.
The orc hits you with a +0 mace.
You die...

.. #..# ## ... #..# #.
#..# #..# #.## .....##..#
#o♣###.........# ##o##...#
#..$.# ##ob.o..###.#..####
#.......##.......?.
#...........##.####
#..............###.
#....#.....†.......
######...##.............
###.##...####.............


You could see an orc priest (very poisoned), an orc wizard, an orc and a bat.

Vanquished Creatures
  Sigmund (D:3)
  Terence (D:2)
  A gnoll (D:1)
  An adder (D:2)
  2 dart slugs (D:3)
  3 bats
  8 endoplasms
  5 goblins
  5 hobgoblins
  4 kobolds
  A quokka (D:2)
  8 ball pythons
  2 frilled lizards
  5 rats
47 creatures vanquished.

Vanquished Creatures (collateral kills)
  A goblin (D:1)
  A kobold (D:1)
2 creatures vanquished.

Vanquished Creatures (others)
  An orc (D:3)
1 creature vanquished.

Grand Total: 50 creatures vanquished

Notes
Turn   | Place    | Note
-------+----------+-------------------------------------------
     0 | D:1      | H0rd4k the Human Artificer began the quest for the Orb.
     0 | D:1      | Reached XP level 1. HP: 15/15 MP: 1/1
     2 | D:1      | Noticed an elf
     4 | D:1      | Noticed an armataur
     4 | D:1      | Noticed a formicid
     6 | D:1      | Noticed an octopode
     6 | D:1      | Noticed a felid
     8 | D:1      | Noticed a human
     8 | D:1      | Noticed an ogre
    10 | D:1      | Noticed a demigod
    10 | D:1      | Noticed a ghoul
    12 | D:1      | Noticed a draconian
    12 | D:1      | Noticed a merfolk
    14 | D:1      | Noticed a vampire
    14 | D:1      | Noticed a demonspawn
    16 | D:1      | Noticed a meteoran
    18 | D:1      | Noticed a minotaur
    18 | D:1      | Noticed a troll
    20 | D:1      | Noticed a spriggan
    20 | D:1      | Noticed a gargoyle
    22 | D:1      | Noticed a naga
    24 | D:1      | Noticed a tengu
    26 | D:1      | Noticed a vampire
    26 | D:1      | Noticed a tengu
   125 | D:1      | Reached XP level 2. HP: 21/21 MP: 2/2
   680 | D:1      | Reached skill level 1 in Maces & Flails
   680 | D:1      | Reached XP level 3. HP: 26/26 MP: 3/3
   826 | D:2      | Reached skill level 4 in Evocations
  1101 | D:2      | Reached XP level 4. HP: 27/32 MP: 4/4
  1204 | D:2      | Noticed Terence
  1238 | D:2      | Killed Terence
  1239 | D:2      | Reached skill level 1 in Short Blades
  1715 | D:3      | Reached XP level 5. HP: 37/38 MP: 5/5
  1745 | D:3      | Noticed Sigmund
  1748 | D:3      | Killed Sigmund
  1749 | D:3      | Reached XP level 6. HP: 44/44 MP: 6/6
  1772 | D:3      | Slain by an orc

Illustrated notes

Levels and vault maps discovered:
D:1:      kb_arrival_jail, layout_basic, nicolae_grassy_gnolls
D:2:      layout_loops_ring, feat_on_display, uniq_terence
D:3:      layout_rooms, lightli_temple_of_fire, uniq_sigmund

Skill      XL: |  1  2  3  4  5 |
---------------+----------------+-----
Maces & Flails | 1 |  1.2
Evocations     | 4 |  4.0
Short Blades   | 1 2 |  2.9
Fighting       | 2 |  2.2
Dodging        | 2 |  2.4
Stealth        | 2 |  2.3
Armour         | |  2.0

Action                     |  1- 3 |  4- 6 || total
---------------------------+-------+-------++-------
  Melee: Club              |    36 |       ||    36
         Dagger            |    67 |    74 ||   141
         Punch             |       |     1 ||     1
  Evoke: Wand              |     5 |     3 ||     8
    Use: Potion            |       |     5 ||     5
   Stab: Sleeping          |     2 |     1 ||     3
 Armour: Leather armour    |    40 |    22 ||    62
         Skin              |       |     2 ||     2
  Dodge: Dodged            |    72 |    50 ||   122
